 Dungeon Crawl Stone Soup version 0.20-a0-689-g860b9ab (console) character file.

28372 yesno the Fighter (level 13, -2/111 HPs)
             Began as a Human Berserker on Feb 18, 2017.
             Was a High Priest of Trog.
             Slain by a raiju (6 damage)
             ... on level 3 of the Abyss on Feb 20, 2017.
             The game lasted 01:05:01 (11852 turns).

yesno the Fighter (Human Berserker)                Turns: 11852, Time: 01:05:02

Health: -2/111     AC: 24    Str: 23    XL:     13   Next: 72%
Magic:  13/13      EV:  8    Int:  7    God:    Trog [*****.]
Gold:   826        SH:  0    Dex: 20    Spells: 12/12 levels left

rFire    + + .     SeeInvis .   a - +10 long sword {flame, +Fly rPois rC+}
rCold    + + +     Gourm    .   k - +1 plate armour
rNeg     . . .     Faith    .   (no shield)
rPois    +         Spirit   .   (no helmet)
rElec    +         Reflect  .   o - +0 cloak
rCorr    +         Harm     .   A - +2 pair of gloves "Edumef" {Regen+ Dex+7}
MR       .....                  m - +2 pair of boots
Stlth    ..........             y - amulet of rage
Regen    0.7/turn               N - ring of protection from cold
MPRegen  0.2/turn               t - ring of protection from fire

@: about to teleport, resistant
A: no striking features
a: Berserk, Trog's Hand, Brothers in Arms, Burn Spellbooks, Renounce Religion,
Evoke Berserk Rage, Evoke Flight


You were on level 3 of the Abyss.
You worshipped Trog.
Trog was extremely pleased with you.
You were not hungry.

You visited 1 branch of the dungeon, and saw 13 of its levels.
You visited the Abyss 1 time.
You also visited: Sewer.

You collected 826 gold pieces.

Inventory:

Hand Weapons
 a - the +10 long sword of Gozag (weapon) {flame, +Fly rPois rC+}
   (You found it on level 10 of the Dungeon)

   It has been specially enchanted to burn those struck by it, causing extra
   injury to most foes and up to half again as much damage against particularly
   susceptible opponents.
   Big, fiery blades are also staple armaments of hydra-hunters.
   It protects you from cold.
   It protects you from poison.
   It lets you fly.
 v - a +2 long sword of electrocution
 L - a +0 hunting sling
 O - a +3 great sword
 V - a +3 antimagic scimitar
Missiles
 q - 349 stones (quivered)
 K - 52 sling bullets
 M - 3 throwing nets
 R - 2 tomahawks of returning
Armour
 c - a +0 troll leather armour
 k - a +1 plate armour (worn)
 m - a +2 pair of boots (worn)
 o - a +0 cloak (worn)
 A - the +2 pair of gloves "Edumef" (worn) {Regen+ Dex+7}
   (You found it on level 4 of the Dungeon)

   It affects your dexterity (+7).
   It increases your rate of regeneration.
Jewellery
 t - a ring of protection from fire (left hand)
 y - an amulet of rage (around neck)
 N - a ring of protection from cold (right hand)
Wands
 l - a wand of digging (15/24)
 n - a wand of flame (40/48)
 D - a wand of flame (30/48)
 P - a wand of random effects (21/48)
 Q - a wand of acid (12/15)
 U - a wand of disintegration (10/24)
 W - a wand of clouds (3/9)
Scrolls
 b - a scroll of vulnerability {unknown}
 d - 3 scrolls of magic mapping
 g - 3 scrolls of remove curse
 h - a scroll of recharging
 p - 2 scrolls of teleportation
 r - 3 scrolls of fog
 s - 3 scrolls of blinking {unknown}
 C - 4 scrolls of amnesia
 J - 5 scrolls of identify
 T - a scroll of enchant armour
 X - a scroll of enchant weapon
Potions
 e - a potion of resistance
 f - a potion of cancellation {unknown}
 i - 6 potions of lignification {unknown}
 j - 3 potions of invisibility
 u - 2 potions of brilliance
 w - a potion of might
 z - 3 potions of agility
 B - 2 potions of flight {unknown}
 F - 6 potions of haste {unknown}
 H - 2 potions of degeneration
 I - 2 potions of ambrosia {unknown}
Comestibles
 S - 12 meat rations


   Skills:
 + Level 13.6 Fighting
 + Level 13.6 Long Blades
 - Level 11.5 Armour
 - Level 2.0 Dodging


You had 12 spell levels left.
You didn't know any spells.

Dungeon Overview and Level Annotations

Branches:
Dungeon (13/15)            Temple (0/1) D:5            Lair (0/6) D:9
    Orc (0/2) D:10         Vaults (0/5) D:13

Altars:
Elyvilon

Annotations:
D:8 1 runed door, 2 exclusions


Message History

You take 14 damage, and have 7/111 hp.
You swap places.
The small abomination hits your starcursed mass.
The raiju bites your starcursed mass but does no damage.
The raiju bursts into living lightning!
The living lightning hits the raiju.
The raiju completely resists.
The living lightning hits your starcursed mass.
The living lightning hits you! You resist.
* * * LOW HITPOINT WARNING * * *
The living lightning hits your starcursed mass.
The living lightning hits your hellwing.
The living lightning misses your hellwing.
The living lightning hits your smoke demon.
The raiju blinks! x7
Your starcursed mass shudders and withdraws towards its neighbour.
Your hellwing swoops through the air toward the raiju!
Your hellwing closely misses the raiju.
Your hellwing hits the raiju.
The small abomination hits your starcursed mass.
The raiju bites you.
You die...

###.# # #. . #. #
#. ..##. # . .#.
##.#. # . #
#.##...# .#### #
#..##..3..###...#
. #......#.......
# # #..44#..#.#..
# #.##XX##...#..
. h §#x@hh#...#
.. #.###Xx4## .#
..# . ##h#.[...
.# ... #h..##....
#. §##.#... ##§
.##. . # . # # #


You could see 4 raiju, a small abomination, 2 friendly starcursed masses, a
friendly large abomination, 3 friendly hellwings, a friendly smoke demon and a
friendly small abomination.

Vanquished Creatures
  Erolcha (D:11)
  Harold (D:11)
  3 vault guards (D:13)
  A hydra (D:11)
  2 two-headed ogres
  4 thrashing horrors (Abyss:3)
  A wretched star (Abyss:3)
  3 slime creatures
  An unseen horror (D:12)
  A skeletal warrior (D:9)
  A phantasmal warrior (D:8)
  Pikel (D:9)
  3 ugly things
  A deep elf mage (D:12)
  A manticore (D:12)
  2 gargoyles (D:12)
  A kobold demonologist (Abyss:3)
  A demonic crawler (Abyss:3)
  An ancient zyme (Abyss:3)
  A troll (D:13)
  Grinder (D:4)
  A hornet (D:13)
  3 raiju (Abyss:3)
  2 hippogriffs
  2 ynoxinuls (Abyss:3)
  3 flying skulls (D:9)
  4 shadows
  A wraith (D:9)
  A yak (D:13)
  A hungry ghost (D:7)
  A neqoxec (Abyss:3)
  3 wargs
  A soldier ant (D:12)
  Duvessa (D:4)
  Purgy (D:4)
  4 large abominations (Abyss:3)
  2 ice beasts
  7 orc warriors
  3 sky beasts
  4 phantoms
  3 slaves (D:9)
  4 ogres
  A necrophage (D:12)
  5 centaurs
  3 small abominations (Abyss:3)
  A crocodile (D:9)
  3 big kobolds
  5 wyvern zombies
  6 bullfrogs
  A scorpion (D:9)
  Dowan (D:4)
  9 killer bees
  11 wights
  A centaur zombie (D:9)
  2 quasits
  2 bullfrog zombies (D:9)
  7 crimson imps
  2 hounds
  A jelly (D:11)
  10 orc priests
  20 orc wizards
  5 bullfrog skeletons
  2 centaur skeletons
  9 worker ants
  Natasha (thrice) (D:4)
  5 iguanas
  2 hound skeletons
  A worker ant zombie (D:9)
  10 adders
  3 gnolls (D:7)
  4 river rats
  A shadow imp (D:7)
  An ooze (D:4)
  An adder zombie (D:9)
  An adder skeleton (D:9)
  3 worms
  3 dart slugs
  6 leopard geckos
  43 orcs
  5 bats
  10 giant cockroaches
  9 hobgoblins
  8 jackals
  13 kobolds
  3 quokkas
  7 ball pythons
  A ball python zombie (D:3)
  12 frilled lizards
  7 goblins
  A jackal skeleton (D:4)
  19 rats
  2 butterflies (D:12)
  A plant (D:9)
376 creatures vanquished.

Vanquished Creatures (collateral kills)
  A vault guard (D:13)
  A death knight (D:8)
  A skeletal warrior (D:9)
  An ugly thing (D:13)
  A freezing wraith (D:8)
  A raiju (Abyss:3)
  A shadow (D:9)
  3 wraiths
  A hungry ghost (D:12)
  A water moccasin (D:13)
  An orc warrior (D:10)
  A centaur (D:13)
  4 wights
  A bullfrog zombie (D:9)
  An orc priest (D:10)
  A centaur skeleton (D:9)
  A bullfrog skeleton (D:9)
  An iguana (D:11)
  A worker ant (D:11)
  A hound zombie (D:9)
  A hound skeleton (D:9)
  An adder skeleton (D:9)
  8 orcs (D:10)
35 creatures vanquished.

Vanquished Creatures (others)
  A flying skull (D:9)
  A slave (D:9)
  A bullfrog (D:9)
  An ufetubus (Abyss:3)
  A lurking horror (Abyss:3)
  A plant (Abyss:3)
  3 starspawn tentacles (Abyss:3)
9 creatures vanquished.

Grand Total: 420 creatures vanquished

Notes
Turn   | Place    | Note
-------+----------+-------------------------------------------
     0 | D:1      | yesno the Human Berserker began the quest for the Orb.
     0 | D:1      | Reached XP level 1. HP: 18/18 MP: 1/1
   128 | D:1      | Reached XP level 2. HP: 24/24 MP: 2/2
   810 | D:2      | Reached XP level 3. HP: 28/29 MP: 3/3
   836 | D:2      | Found a white marble altar of Elyvilon.
   907 | D:2      | Reached ** piety under Trog
   952 | D:2      | Reached XP level 4. HP: 35/35 MP: 4/4
  2186 | D:3      | Reached XP level 5. HP: 38/41 MP: 5/5
  2308 | D:3      | Noticed a two-headed ogre
  2363 | D:3      | Reached *** piety under Trog
  2704 | D:4      | Got a pair of jewelled gloves
  2710 | D:4      | Identified the +2 pair of gloves "Edumef" {Regen+ Dex+7} (You found it on level 4 of the Dungeon)
  2752 | D:4      | Noticed Duvessa
  2752 | D:4      | Noticed Dowan
  2779 | D:4      | Killed Dowan
  2779 | D:4      | Reached skill level 5 in Armour
  2786 | D:4      | Killed Duvessa
  2786 | D:4      | Reached XP level 6. HP: 47/47 MP: 6/6
  2833 | D:4      | Noticed Natasha
  2838 | D:4      | Killed Natasha
  2901 | D:4      | Noticed Purgy
  2924 | D:4      | Killed Purgy
  2924 | D:4      | Reached XP level 7. HP: 52/52 MP: 7/7
  2961 | D:4      | Found a glowing drain.
  2975 | Sewer    | Entered a sewer
  3421 | D:4      | Noticed Natasha
  3441 | D:4      | Killed Natasha
  3481 | D:4      | Reached **** piety under Trog
  3487 | D:4      | Noticed Natasha
  3493 | D:4      | Killed Natasha
  3567 | D:4      | Noticed Grinder
  3573 | D:4      | Killed Grinder
  3573 | D:4      | Reached XP level 8. HP: 58/58 MP: 8/8
  3784 | D:5      | Entered Level 5 of the Dungeon
  3919 | D:5      | Found a staircase to the Ecumenical Temple.
  4887 | D:6      | You fall through a shaft!
  4931 | D:7      | Reached skill level 10 in Armour
  4936 | D:7      | Reached XP level 9. HP: 60/63 MP: 9/9
  5380 | D:7      | Reached ***** piety under Trog
  5568 | D:7      | Noticed a hippogriff
  5577 | D:7      | Killed a hippogriff
  5577 | D:7      | Reached skill level 5 in Long Blades
  5894 | D:8      | Reached XP level 10. HP: 65/73 MP: 10/10
  5924 | D:8      | Found a runed door.
  5924 | D:8      | Noticed a sixfirhy
  5973 | D:8      | Reached skill level 5 in Fighting
  6122 | D:8      | Noticed a phantasmal warrior
  6122 | D:8      | Noticed a phantasmal warrior
  6127 | D:8      | Noticed a freezing wraith
  6128 | D:8      | Killed a phantasmal warrior
  6130 | D:8      | Noticed a death knight
  6256 | D:8      | Killed a death knight
  6265 | D:8      | Killed a freezing wraith
  6275 | D:8      | HP: 2/79 [phantasmal warrior[a death knight] (13)]
  6445 | D:9      | Noticed Pikel
  6460 | D:9      | Killed Pikel
  6614 | D:9      | Found a staircase to the Lair.
  6625 | D:9      | Reached XP level 11. HP: 86/86 MP: 11/11
  7171 | D:9      | Noticed a skeletal warrior
  7205 | D:9      | Killed a skeletal warrior
  7245 | D:9      | Noticed a skeletal warrior
  7287 | D:9      | Killed a skeletal warrior
  7804 | D:10     | Entered Level 10 of the Dungeon
  7936 | D:10     | Got a polished ring mail
  7947 | D:10     | Identified the cursed +1 ring mail of Defiance {+Fly Str-4 Int+4 Stlth+} (You found it on level 10 of the Dungeon)
  8111 | D:10     | Reached skill level 10 in Long Blades
  8168 | D:10     | Found a staircase to the Orcish Mines.
  8301 | D:10     | Got an ichor-stained long sword
  8302 | D:10     | Identified the +10 long sword of Gozag {flame, +Fly rPois rC+} (You found it on level 10 of the Dungeon)
  8514 | D:11     | Noticed a seven-headed hydra
  8520 | D:11     | Killed a four-headed hydra
  8520 | D:11     | Reached skill level 10 in Fighting
  8579 | D:11     | Noticed a two-headed ogre
  8598 | D:11     | Killed a two-headed ogre
  8598 | D:11     | Reached XP level 12. HP: 98/98 MP: 12/12
  8766 | D:11     | Noticed Harold
  8779 | D:11     | Killed Harold
  9099 | D:11     | Noticed Erolcha
  9105 | D:11     | Killed Erolcha
  9610 | D:12     | Received a gift from Trog
  9791 | D:12     | Noticed a two-headed ogre
  9814 | D:12     | Killed a two-headed ogre
 10075 | D:12     | Killed an unseen horror
 10474 | D:13     | Found a gate to the Vaults.
 10474 | D:13     | Noticed a vault guard
 10474 | D:13     | Noticed a vault guard
 10474 | D:13     | Noticed a vault guard
 10475 | D:13     | Noticed a vault guard
 10507 | D:13     | Killed a vault guard
 10508 | D:13     | Killed a vault guard
 10508 | D:13     | Reached XP level 13. HP: 109/109 MP: 13/13
 10511 | D:13     | Killed a vault guard
 10521 | D:13     | Killed a vault guard
 11025 | D:13     | Cast into level 3 of the Abyss (a wizard)
 11072 | Abyss:3  | Noticed a hellephant
 11100 | Abyss:3  | Noticed a starcursed mass
 11110 | Abyss:3  | Paralysed by accursed screaming for 1 turns
 11113 | Abyss:3  | Paralysed by accursed screaming for 1 turns
 11445 | Abyss:3  | Noticed a starcursed mass
 11447 | Abyss:3  | Noticed a bone dragon
 11602 | Abyss:3  | Upgraded the game from 0.20-a0-672-gd6c3c51 to 0.20-a0-681-gf83e07f
 11604 | Abyss:3  | Noticed a starcursed mass
 11609 | Abyss:3  | Noticed a tentacled starspawn
 11610 | Abyss:3  | Paralysed by accursed screaming for 1 turns
 11779 | Abyss:3  | Upgraded the game from 0.20-a0-681-gf83e07f to 0.20-a0-689-g860b9ab
 11852 | Abyss:3  | HP: 4/111 [raiju/living lightning (3)]
 11852 | Abyss:3  | Slain by a raiju

Vault maps used:
D:1:      matt_arrival_los_fun
D:2:      elyvilon_altar_5
D:3:      st_stairs_1, dk_noncrumbling_4, lightli_corner_chamber
D:4:      portal_sewer_entry_e, minmay_bisected, uniq_purgy, uniq_grinder,
          uniq_duvessa, uniq_natasha
D:5:      minmay_temple_entry_hall, first_bread
D:6:      grunt_temple_overflow_open, serial_glass, glass_columns_a,
          glass_columns_a, glass_columns_b, glass_columns_c, glass_columns_b,
          glass_columns_a, grunt_tough_drop, uniq_blork_the_orc
D:7:      hangedman_abyss_or_decor_stabs, grunt_ogre_cave
D:8:      cheibrodos_shockbox, minitemple, minmay_door_square,
          minmay_crystal_water
D:9:      hangedman_screamer, erik_lair_orcish_takeover, uniq_pikel
D:10:     david_orc_4, evilmike_butchery
D:11:     uniq_erolcha, uniq_harold
D:12:     hangedman_glass_garden
D:13:     lightli_vaults_fourway_checkpoint, basic_altar, minmay_bent
Abyss:3:  due_exit_kobolds, due_evilmike_abyss_rune_seething_liches
Sewer:    sewer_co_cracked_pipes

Skill      XL: |  1  2  3  4  5  6  7  8  9 10 11 12 13 |
---------------+----------------------------------------+-----
Armour         | 3 4 5 6 8 10 11 | 11.5
Long Blades    | 5 8 10 12 13 | 13.6
Fighting       | 4 7 10 12 13 | 13.6
Dodging        | |  2.0

Action                   |  1- 3 |  4- 6 |  7- 9 | 10-12 | 13-15 || total
-------------------------+-------+-------+-------+-------+-------++-------
Melee: Falchion          |    74 |   187 |   450 |       |       ||   711
       Long sword        |       |       |    68 |   411 |   171 ||   650
       Great sword       |       |       |       |    99 |       ||    99
Invok: Berserk           |     2 |     3 |    13 |    14 |     6 ||    38
       Burn Spellbooks   |       |     1 |       |     1 |     1 ||     3
       Trog's Hand       |       |     2 |       |     4 |     1 ||     7
       Brothers in Arms  |       |       |       |     9 |     2 ||    11
  Use: Scroll            |       |     4 |     5 |    15 |     6 ||    30
       Potion            |       |       |     1 |     5 |     8 ||    14
 Stab: Sleeping          |     2 |       |       |       |       ||     2
       Distracted        |       |       |       |     1 |     1 ||     2
  Eat: Chunk             |     1 |     8 |    10 |    18 |       ||    37
       Royal jelly       |       |     1 |     1 |       |     2 ||     4
       Fruit             |       |       |     3 |       |       ||     3
       Meat ration       |       |       |     4 |       |     1 ||     5
       Bread ration      |       |       |       |     5 |       ||     5
Armor: Chain mail        |    28 |       |       |       |       ||    28
       Plate armour      |    32 |   172 |   379 |   444 |   136 ||  1163
Dodge: Dodged            |    35 |    66 |   209 |   219 |    73 ||   602
       Rpst.: Falchion   |    17 |    17 |    51 |       |       ||    85
       Long sword        |       |       |     6 |    53 |    14 ||    73
       Great sword       |       |       |       |    13 |       ||    13
